 Dungeon Crawl Stone Soup version 0.30-a0-852-g08b95dd62f (webtiles) character file.

Game seed: 10803081559814358533

83335 dolemite99 the Marksminotaur (level 15, -7/143 (149) HPs)
             Began as a Minotaur Hunter on Mar 4, 2023.
             Was an Elder of Ashenzari.
             Mangled by a profane servitor
             ... wielding a +1 demon whip of electrocution
              (14 damage)
             ... on level 2 of the Abyss.
             The game lasted 00:43:44 (22627 turns).

dolemite99 the Marksminotaur (Minotaur Hunter)     Turns: 22627, Time: 00:43:44

HP:   -7/143 (149)  AC: 13    Str: 17    XL:     15   Next: 32%
MP:   14/14         EV: 22    Int:  6    God:    Ashenzari [****..]
Gold: 392           SH:  0    Dex: 23    Spells: 9/14 levels left

rFire   . . .      SeeInvis +    b - +8 storm bow {elec, penet}
rCold   + + +      Faith    .    (shield currently unavailable)
rNeg    . . .      Spirit   .    R - +4 skin of Zhor {*Englaciate rC+++ SInv, Evo, Range} (curse)
rPois   .          Reflect  .    (helmet restricted)
rElec   .          Rampage  .    d - +2 cloak of the Wild Blue Yonder {rCorr, Self, Bglg} (curse)
rCorr   +          Clarity  +    C - +2 pair of gloves of the Prescient Cosmos {Comp, Fort} (curse)
Will    ++...                    K - +0 pair of boots of the Eternal Oblivion {Dex+3 Stlth+, Bglg, Cun} (curse)
Stlth   +++++++                  n - amulet of the Astral Suspicion {Regen+, Cun, Alch} (curse)
HPRegen 1.23/turn                y - ring "Omniscient Soothsayer" {Slay+4, Self, Evo} (curse)
MPRegen 0.14/turn                x - ring of willpower

@: about to teleport, wreathed by umbra, studying Invocations, lightly drained
A: horns 2, retaliatory headbutt
a: Renounce Religion, Shatter the Chains


You were on level 2 of the Abyss.
You worshipped Ashenzari.
Ashenzari was greatly pleased with you.
You visited 4 branches of the dungeon, and saw 22 of its levels.
You visited the Abyss 1 time.

You collected 3418 gold pieces.
You spent 3026 gold pieces at shops.

Inventory:

Hand Weapons
 a - the +4 longbow "Dotuist Wevy" {drain, Dex+7}
   (You acquired it on level 5 of the Dungeon)

   Dex:       It affects your dexterity (+7).
 b - the +8 storm bow (weapon) {elec, penet}
   (You acquired it on level 2 of the Orcish Mines)
 s - a +2 shortbow
 G - a +2 trident
 L - a +2 long sword of electrocution
Missiles
 p - 25 poisoned darts
 q - 2 throwing nets
Armour
 d - the cursed +2 cloak of the Wild Blue Yonder (worn) {rCorr, Self, Bglg}
   (You bought it in a shop on level 2 of the Orcish Mines)

   It has a curse which improves the following skills: Introspection: Fighting
   and Spellcasting.
   Beguiling: Conjurations, Hexes and Translocations.
 C - the cursed +2 pair of gloves of the Prescient Cosmos (worn) {Comp, Fort}
   (You found it on level 1 of the Lair of Beasts)

   It has a curse which improves the following skills: Companions: Summonings
   and Necromancy.
   Fortitude: Armour and Shields.
 K - the cursed +0 pair of boots of the Eternal Oblivion (worn) {Dex+3 Stlth+, Bglg, Cun}
   (You acquired it on level 10 of the Dungeon)

   Dex:       It affects your dexterity (+3).
   Stlth:     It makes you more stealthy.
   It has a curse which improves the following skills: Beguiling: Conjurations,
   Hexes and Translocations.
   Cunning:   Dodging and Stealth.
 R - the cursed +4 skin of Zhor (worn) {*Englaciate rC+++ SInv, Evo, Range}
   (You found it on level 3 of the Lair of Beasts)

   *Englaciate: It radiates cold, occasionally slowing all nearby creatures who
   are not resistant to cold.
   rC:        It renders you almost immune to cold.
   SInv:      It lets you see invisible.
   It has a curse which improves the following skills: Evocations: Evocations.
   Ranged Combat: Ranged Weapons and Throwing.
Magical Staves
 e - a staff of poison
Jewellery
 k - a ring of resist corrosion
 n - the cursed amulet of the Astral Suspicion (around neck) {Regen+, Cun, Alch}
   (You found it on level 4 of the Dungeon)

   [amulet of regeneration]

   Regen:     It increases your rate of health regeneration.
   It has a curse which improves the following skills: Cunning: Dodging and
   Stealth.
   Alchemy:   Poison Magic and Transmutations.
 x - a ring of willpower (right hand)
 y - the cursed ring "Omniscient Soothsayer" (left hand) {Slay+4, Self, Evo}
   (You found it on level 6 of the Dungeon)

   [ring of slaying]

   Slay:      It affects your accuracy & damage with ranged weapons and melee
   (+4).
   It has a curse which improves the following skills: Introspection: Fighting
   and Spellcasting.
   Evocations: Evocations.
 F - a ring of willpower
 U - a ring of poison resistance
 V - a ring of protection from fire
Wands
 t - a wand of digging (7)
 u - a wand of iceblast (15)
 v - a wand of polymorph (3)
 A - a wand of paralysis (22)
 O - a wand of light (7)
 S - a wand of mindburst (5)
 T - a wand of flame (8)
Scrolls
 f - 3 scrolls of enchant armour
 h - 5 scrolls of fear
 m - 8 scrolls of teleportation
 o - 15 scrolls of identify {@r1}
 w - 4 scrolls of immolation
 B - 2 scrolls of fog
 D - 4 scrolls of magic mapping
 E - 2 scrolls of poison
 J - 5 scrolls of enchant weapon
 M - 6 scrolls of vulnerability
 P - a scroll of brand weapon
Potions
 c - a potion of invisibility
 g - a potion of magic
 i - 5 potions of lignification
 j - 2 potions of ambrosia
 l - 2 potions of brilliance
 r - 2 potions of haste
 H - 7 potions of curing
 I - 3 potions of resistance
 N - 3 potions of berserk rage
 Q - 4 potions of flight
 X - a potion of cancellation


   Skills:
 + Level 15.3(18.1) Fighting
 - Level 17.8(19.5) Ranged Weapons
 - Level 8.9(11.9) Dodging
 - Level 9.7(12.6) Stealth
 - Level 12.8(15.7) Evocations


You had 9 spell levels left.
You knew the following spells:

 Your Spells              Type           Power      Damage    Failure   Level
a - Blink                 Tloc           0%         N/A       54%         2
b - Mephitic Cloud        Conj/Pois/Air  0%         N/A       80%         3

Your spell library contained the following spells:

 Spells                   Type           Power      Damage    Failure   Level
 Magic Dart               Conj           0%         1d3       38%         1
 Call Imp                 Summ           0%         N/A       54%         2
 Sublimation of Blood     Necr           0%         N/A       54%         2
 Kindle Blastsparks       Fire/Tloc/Air  0%         2d10      80%         3
 Airstrike                Air            0%         2d(0-16)  99%         4
 Cause Fear               Hex            0%         N/A       99%         4
 Fulminant Prism          Conj/Hex       0%         3d5       99%         4
 Iskenderun's Mystic Bla  Conj/Tloc      0%         2d3       99%         4
 Manifold Assault         Tloc           0%         N/A       99%         4
 Passage of Golubria      Tloc           0%         N/A       99%         4
 Petrify                  Tmut/Erth      0%         N/A       99%         4
 Summon Ice Beast         Ice/Summ       0%         N/A       99%         4
 Summon Lightning Spire   Summ/Air       0%         N/A       99%         4
 Alistair's Intoxication  Tmut/Pois      0%         N/A       100%        5
 Borgnjor's Vile Clutch   Necr/Erth      0%         N/A       100%        5
 Irradiate                Conj/Tmut      0%         3d11      100%        5
 Lee's Rapid Deconstruct  Erth           0%         3d4*      100%        5
 Lightning Bolt           Conj/Air       0%         1d11      100%        5
 Silence                  Hex/Air        0%         N/A       100%        5
 Summon Forest            Summ/Tloc      0%         N/A       100%        5
 Summon Mana Viper        Hex/Summ       0%         N/A       100%        5
 Conjure Ball Lightning   Conj/Air       0%         3x3d6     100%        6
 Eringya's Noxious Bog    Tmut/Pois      0%         N/A       100%        6
 Summon Cactus Giant      Summ           0%         N/A       100%        6
 Dragon Form              Tmut           0%         N/A       100%        7
 Monstrous Menagerie      Summ           0%         N/A       100%        7
 Storm Form               Tmut/Air       0%         N/A       100%        7
 Discord                  Hex            0%         N/A       100%        8
 Disjunction              Tloc           0%         N/A       100%        8
 Lehudib's Crystal Spear  Conj/Erth      0%         10d2      100%        8
 Dragon's Call            Summ           0%         N/A       100%        9


Dungeon Overview and Level Annotations

Branches:
Dungeon (14/15)            Temple (1/1) D:5            Lair (5/5) D:10
 Shoals (0/4) Lair:2       Spider (0/4) Lair:3        Slime (0/5) Lair:4
    Orc (2/2) D:9             Elf (0/3) Orc:2        Vaults (0/5) D:14

Altars:
Ashenzari
Cheibriados
Dithmenos
Elyvilon
Fedhas
Gozag
Hepliaklqana
Kikubaaqudgha
Makhleb
Nemelex Xobeh
Okawaru
Qazlal
Ru
Sif Muna
Trog
Uskayaw
Vehumet
Wu Jian
Xom
Yredelemnul
Zin
The Shining One
Jiyva

Shops:
D:1 [   D:12 :   Orc:2 *[[=[

Annotations:
D:4 3 runed translucent doors, pigah's ghost, amateur OpWn
Lair:3 1 runed translucent door, Zenkrye's ghost, journeyman DECA


Innate Abilities, Weirdness & Mutations

You have a pair of horns on your head.
You reflexively headbutt those who attack you in melee.


Message History

As you read the scroll of blinking, it crumbles to dust.
The starcursed mass shrieks in your mind.
You radiate an aura of cold.
The earth elemental is unaffected.
The profane servitor is unaffected.
The starcursed mass resists.
The starcursed mass shrieks in your mind.
* * * LOW HITPOINT WARNING * * *
The starcursed mass shrieks in your mind.
* * * LOW HITPOINT WARNING * * *
You feel better.
You feel better.
As you read the scroll of teleportation, it crumbles to dust.
You feel strangely unstable.
You feel the power of the Abyss delaying your translocation!
You radiate an aura of cold.
The profane servitor is unaffected.
The profane servitor misses you. The profane servitor barely misses you.
The profane servitor misses you. You furiously retaliate!
You headbutt the profane servitor!
The profane servitor completely misses you.
A raiju comes into view.
The profane servitor attacks as you move away!
The profane servitor hits you with a +1 demon whip of electrocution!
The profane servitor draws strength from your injuries!
The profane servitor barely misses you.
The raiju barks!
The profane servitor hits you with a +1 demon whip of electrocution!
The profane servitor draws strength from your injuries!
The profane servitor hits you with a +1 demon whip of electrocution!
* * * LOW HITPOINT WARNING * * *
You feel drained.
* * * LOW HITPOINT WARNING * * *
You are electrocuted!!
* * * LOW HITPOINT WARNING * * *
The raiju bursts into living lightning!
The living lightning misses you.
The raiju blinks!
A small abomination comes into view.
The profane servitor hits you with a +1 demon whip of electrocution!
* * * LOW HITPOINT WARNING * * *
The profane servitor draws strength from your injuries!
You are electrocuted!
You die...

, ,* * **, * *,* *#. *#
# # * , , , **####..#
,,,, , *### #.#.## #.,.
, ,,,
##.#*,,#..#,.,....{ * ,
###..###..#.x.#.#.X , *
,#.##.#.#.#.#...#....##.
* *, ,
#.........#X......#.#.,
, , ,
,*.#..Ah..#§*#.*..#.## ,
* * #.#@#...##{...#.##.
, *,,
..#.......#{{......## ,
, #x§.#..#..#.#{ ...*.#,
, ##§...........#E#.§# .
, *
...##.##.#..#.#.X##..# ,
, , ..##
.#.####...#....#.# , * ,
.## #. #, *.##.. ,#.. #
,, * , ** ., #
####*##§.# * , ,* ,* ,,
* , ,,,,# ##


You could see a profane servitor, a starcursed mass and a raiju.

Vanquished Creatures
  Jorgrun (D:14)
  A tentacled starspawn (Abyss:2)
  A storm dragon (shapeshifter) (D:14)
  Donald (Orc:2)
  Nessos (D:12)
  An ice dragon (Lair:5)
  3 hydras
  3 two-headed ogres
  2 catoblepae
  3 centaur warriors
  3 boulder beetles
  2 tengu warriors
  12 death yaks
  6 orc high priests
  2 skysharks
  Amaemon (Lair:3)
  Lodul (D:14)
  2 orc knights
  A lindwurm (Lair:5)
  A deep elf zephyrmancer (D:10)
  3 harpies (Lair:2)
  3 oklob plants (Lair:4)
  A starcursed mass (Abyss:2)
  A deep elf pyromancer (D:13)
  2 cyclopes (D:14)
  4 orc sorcerers
  A manticore (D:11)
  8 elephants (Lair:3)
  2 centaur zombies (D:7)
  A black mamba (shapeshifter) (D:13)
  4 black mambas
  5 torpor snails (Lair:5)
  8 cane toads
  A centaur skeleton (D:7)
  2 gargoyles
  2 kobold demonologists (D:13)
  2 unseen horrors
  5 rime drakes
  An orange demon (Lair:3)
  A tengu conjurer (D:13)
  8 komodo dragons
  7 trolls
  4 tyrant leeches (Lair:5)
  8 hornets
  A queen bee (D:11)
  Grinder (D:3)
  3 polar bears
  2 hellwings (D:7)
  A harpy skeleton (D:7)
  Prince Ribbit (D:5)
  19 dream sheep
  A meliai zombie (D:7)
  A large abomination (Abyss:2)
  3 shadows
  4 wyverns
  11 slime creatures
  Eustachio (D:5)
  36 yaks
  16 humans (D:14)
  Grum (D:9)
  A basilisk (shapeshifter) (D:13)
  5 basilisks
  2 redbacks (Lair:3)
  A steam dragon (D:8)
  4 vampire mosquitoes (D:14)
  2 acid dragons
  17 orc warriors
  17 water moccasins
  2 sky beasts (D:7)
  15 ogres
  3 black bears
  The ghost of tarna41 the Trooper, an amateur DsCK of Xom (D:6)
  19 centaurs
  7 wolves
  A phantom (D:4)
  Blork the orc (D:5)
  11 bullfrogs
  6 kobold brigands
  4 scorpions
  13 wights
  15 killer bees
  7 howler monkeys
  3 hounds
  A gnoll bouda (D:4)
  24 orc priests
  4 iguanas
  2 sleepcaps
  25 orc wizards
  A boggart skeleton (D:7)
  8 gnolls (D:4)
  6 adders
  5 shadow imps
  A white imp (D:7)
  3 ufetubi
  2 worms
  5 dart slugs
  54 orcs
  7 ball pythons
  8 bats
  9 endoplasms
  4 giant cockroaches
  12 goblins
  5 hobgoblins
  6 jackals
  5 quokkas
  2 frilled lizards (D:2)
  19 kobolds
  8 rats
617 creatures vanquished.

Vanquished Creatures (others)
  A bush (Lair:3)
  22 fungi
  44 plants
  4 starspawn tentacles (Abyss:2)
  4 withered plants
75 creatures vanquished.

Grand Total: 692 creatures vanquished

Notes
Turn   | Place    | Note
-------+----------+-------------------------------------------
     0 | D:1      | dolemite99 the Minotaur Hunter began the quest for the Orb.
     0 | D:1      | Reached XP level 1. HP: 18/18 MP: 0/0
    69 | D:1      | Found Laphoeh's Armour Emporium.
    88 | D:1      | Reached XP level 2. HP: 25/25 MP: 1/1
   134 | D:1      | Reached skill level 5 in Ranged Weapons
   329 | D:1      | Reached XP level 3. HP: 29/30 MP: 2/2
  1536 | D:2      | Reached skill level 6 in Ranged Weapons
  1608 | D:3      | Noticed Grinder
  1608 | D:3      | Paralysed by Grinder for 4 turns
  1802 | D:3      | Found a faded altar of an unknown god.
  1831 | D:3      | Reached XP level 4. HP: 37/37 MP: 3/3
  1851 | D:3      | Found a glowing silver altar of Zin.
  2023 | D:3      | Paralysed by Grinder for 3 turns
  2033 | D:3      | Killed Grinder
  2034 | D:3      | Reached skill level 8 in Ranged Weapons
  2034 | D:3      | Reached XP level 5. HP: 14/42 MP: 4/4
  2034 | D:3      | Reached XP level 6. HP: 17/50 MP: 5/5
  2806 | D:4      | Reached skill level 9 in Ranged Weapons
  2817 | D:4      | Found a runed translucent gate.
  2818 | D:4      | Found a runed translucent gate.
  2818 | D:4      | Found a runed translucent gate.
  2819 | D:4      | Found an opulent altar of Gozag.
  2820 | D:4      | Noticed pigah's ghost (amateur OpWn)
  2930 | D:4      | Found a stormy altar of Qazlal.
  2930 | D:4      | Found a faded altar of an unknown god.
  2938 | D:4      | Found a faded altar of an unknown god.
  2940 | D:4      | Found a sparkling altar of Nemelex Xobeh.
  2942 | D:4      | Found a snail-covered altar of Cheibriados.
  3054 | D:4      | Reached XP level 7. HP: 56/56 MP: 6/6
  3668 | D:5      | Entered Level 5 of the Dungeon
  3689 | D:5      | Reached skill level 10 in Ranged Weapons
  3850 | D:5      | Noticed Prince Ribbit
  3861 | D:5      | Killed Prince Ribbit
  3883 | D:5      | Identified a scroll of acquirement
  3883 | D:5      | Acquired the +4 longbow "Dotuist Wevy" {drain, Dex+7}
  3921 | D:5      | Reached skill level 11 in Ranged Weapons
  3921 | D:5      | Reached XP level 8. HP: 62/62 MP: 7/7
  4083 | D:5      | Found a staircase to the Ecumenical Temple.
  4099 | Temple   | Entered the Ecumenical Temple
  4303 | D:5      | Found a broken altar of Ashenzari.
  4367 | D:5      | Noticed Blork the orc
  4374 | D:5      | Killed Blork the orc
  4529 | D:5      | Noticed Eustachio
  4534 | D:5      | Killed Eustachio
  4535 | D:5      | Reached skill level 12 in Ranged Weapons
  4823 | D:6      | Found a runed translucent door.
  4829 | D:6      | Noticed tarna41's ghost (amateur DsCK)
  4900 | D:6      | Reached skill level 13 in Ranged Weapons
  5268 | D:6      | Reached XP level 9. HP: 53/68 MP: 8/8
  5270 | D:6      | Killed tarna41's ghost
  5369 | D:7      | Reached skill level 14 in Ranged Weapons
  5963 | D:7      | Reached skill level 15 in Ranged Weapons
  6012 | D:7      | Noticed a hellwing
  6015 | D:7      | Noticed a hellwing
  6030 | D:7      | Killed a hellwing
  6038 | D:7      | Reached skill level 16 in Ranged Weapons
  6038 | D:7      | Reached XP level 10. HP: 31/74 MP: 9/9
  6575 | D:7      | Found a glowing golden altar of the Shining One.
  6758 | D:5      | Became a worshipper of Ashenzari the Shackled
  6869 | D:8      | Reached skill level 17 in Ranged Weapons
  6877 | D:8      | Found a flagged portal.
  7027 | D:8      | Found an iron altar of Okawaru.
  7103 | D:8      | Noticed a two-headed ogre
  7107 | D:8      | Killed a two-headed ogre
  7650 | D:9      | Reached skill level 5 in Fighting
  7652 | D:9      | Noticed Grum
  7779 | D:9      | Killed Grum
  7806 | D:9      | Reached XP level 11. HP: 89/89 MP: 10/10
  8056 | D:9      | Noticed a two-headed ogre
  8065 | D:9      | Killed a two-headed ogre
  8102 | D:9      | Found an ancient bone altar of Kikubaaqudgha.
  8311 | D:9      | Found a staircase to the Orcish Mines.
  8369 | D:9      | Found an opulent altar of Gozag.
  8591 | D:10     | Entered Level 10 of the Dungeon
  8612 | D:10     | Reached skill level 10 in Fighting
  8620 | D:10     | Found a staircase to the Lair.
  8947 | D:10     | Noticed a deep elf zephyrmancer
  8953 | D:10     | Killed a deep elf zephyrmancer
  9195 | D:10     | Found a blossoming altar of Fedhas.
  9262 | D:10     | Found a white marble altar of Elyvilon.
  9908 | D:10     | Acquired 980 gold pieces
  9910 | D:10     | Acquired the +0 pair of boots of Hysteria {Dex+3 Stlth+}
  9944 | D:11     | Noticed a tengu warrior
  9952 | D:11     | Killed a tengu warrior
 10951 | D:11     | Reached XP level 12. HP: 115/115 MP: 11/11
 11575 | D:1      | Bought the +4 steam dragon scales of the Watchman {Int+3}
                  | for 806 gold pieces
 11794 | Lair:1   | Entered Level 1 of the Lair of Beasts
 11925 | Lair:1   | Reached skill level 5 in Dodging
 11943 | Lair:1   | Noticed a catoblepas
 11956 | Lair:1   | Killed a catoblepas
 11989 | Lair:1   | Reached * piety under Ashenzari
 12357 | Lair:2   | Noticed a six-headed hydra
 12363 | Lair:2   | Killed a six-headed hydra
 12764 | Lair:2   | Found a staircase to the Shoals.
 12974 | Lair:3   | Noticed a death yak
 12976 | Lair:3   | Noticed a death yak
 12978 | Lair:3   | Noticed a death yak
 12987 | Lair:3   | Reached skill level 1 in Stealth
 12989 | Lair:3   | Killed a death yak
 12992 | Lair:3   | Noticed a death yak
 13007 | Lair:2   | Killed a death yak
 13202 | Lair:3   | Noticed a seven-headed hydra
 13206 | Lair:3   | Killed a seven-headed hydra
 13336 | Lair:3   | Reached skill level 5 in Stealth
 13349 | Lair:3   | Found the +4 skin of Zhor {*Englaciate rC+++ SInv}
 13365 | Lair:3   | Noticed Amaemon
 13388 | Lair:3   | Killed Amaemon
 13554 | Lair:3   | Noticed a boulder beetle
 13736 | Lair:3   | Found a hole to the Spider Nest.
 13749 | Lair:3   | Reached XP level 13. HP: 122/122 MP: 12/12
 13893 | Lair:3   | Found a runed translucent door.
 13897 | Lair:3   | Noticed Zenkrye's ghost (journeyman DECA)
 14494 | Lair:4   | Reached ** piety under Ashenzari
 14766 | Lair:4   | Found a dark tunnel.
 14982 | Lair:4   | Reached skill level 1 in Evocations
 14982 | Lair:4   | Found a viscous altar of Jiyva.
 15001 | Lair:4   | Found a staircase to the Slime Pits.
 15476 | Lair:5   | Entered Level 5 of the Lair of Beasts
 15746 | Lair:5   | Reached skill level 5 in Evocations
 15893 | Lair:5   | Found a runed translucent door.
 16085 | Lair:5   | Reached XP level 14. HP: 132/132 MP: 13/13
 16640 | Lair:5   | Learned a level 2 spell: Blink
 16674 | Lair:5   | Reached skill level 10 in Evocations
 16968 | Orc:1    | Entered Level 1 of the Orcish Mines
 17060 | Orc:2    | Entered Level 2 of the Orcish Mines
 17060 | Orc:2    | Noticed Donald
 17069 | Orc:2    | Killed Donald
 17318 | Orc:2    | Found a staircase to the Elven Halls.
 18599 | Orc:2    | Found Dulut's Armour Shop.
 18620 | Orc:2    | Bought a +2 cloak of preservation for 236 gold pieces
 19065 | Orc:2    | Found Ifud's Jewellery Shoppe.
 19065 | Orc:2    | Found Tes Mido's Antique Armour Shoppe.
 19188 | Orc:2    | Found Utooptuno's Assorted Antiques.
 19387 | Orc:2    | Found Ynomn's Armour Emporium.
 19396 | Orc:2    | Bought a scroll of acquirement for 1092 gold pieces
 19397 | Orc:2    | Acquired the +8 storm bow {elec, penet}
 19397 | Orc:2    | Found the +8 storm bow {elec, penet}
 19554 | Orc:2    | Bought a potion of heal wounds for 105 gold pieces
 19554 | Orc:2    | Bought a scroll of magic mapping for 157 gold pieces
 19562 | Orc:2    | Bought a ring of poison resistance for 280 gold pieces
 19562 | Orc:2    | Bought a ring of protection from fire for 350 gold pieces
 19805 | D:12     | Found Niugg's Book Shoppe.
 19823 | D:12     | Learned a level 3 spell: Mephitic Cloud
 19914 | D:12     | Noticed Nessos
 19927 | D:12     | Killed Nessos
 20287 | D:12     | Reached *** piety under Ashenzari
 21154 | D:13     | Found a white marble altar of Elyvilon.
 21278 | D:14     | Found a gate to the Vaults.
 21392 | D:14     | Found a faded altar of an unknown god.
 21392 | D:14     | Found a hazy altar of Hepliaklqana.
 21392 | D:14     | Found a faded altar of an unknown god.
 21393 | D:14     | Noticed Jorgrun
 21413 | D:14     | Killed Jorgrun
 21414 | D:14     | Reached XP level 15. HP: 82/143 MP: 14/14
 22031 | D:14     | Noticed a storm dragon
 22036 | D:14     | Killed a storm dragon
 22437 | D:14     | Noticed Lodul
 22446 | D:14     | Killed Lodul
 22450 | D:14     | Reached skill level 15 in Fighting
 22457 | Abyss:2  | Cast into level 2 of the Abyss (a wizard)
 22481 | Abyss:2  | Found a corrupted altar of Lugonu.
 22532 | Abyss:2  | Found a corrupted altar of Lugonu.
 22570 | Abyss:2  | Found a corrupted altar of Lugonu.
 22570 | Abyss:2  | Noticed a tentacled starspawn
 22591 | Abyss:2  | Noticed a profane servitor
 22593 | Abyss:2  | Reached **** piety under Ashenzari
 22600 | Abyss:2  | Killed a tentacled starspawn
 22627 | Abyss:2  | HP: 7/143 [profane servitor/+1 demon whip of electrocution
                  | (13)]
 22627 | Abyss:2  | Mangled by a profane servitor

Illustrated notes

Levels and vault maps discovered:
D:1:      lightli_arrival_flooded_house, layout_loops_ring, serial_shops,
          shop_fountains, minmay_surrounded
D:2:      wander_river, layout_loops_corners, minmay_tetromino_i4
D:3:      layout_loops_ring, zin_academy, hellmonk_ecumenical_altar_crossroads,
          reono_crystal_passage, serial_bayou_pond_a, minmay_ogre_servants,
          uniq_grinder
D:4:      layout_loops_ring, chequers_temple_overflow_minitemple,
          ebering_ghost_gozag
D:5:      layout_rooms, amcnicky_altar_gilded, minmay_temple_entry_tees,
          uniq_prince_ribbit1, uniq_blork_the_orc, uniq_eustachio
D:6:      layout_loops_ring, ebering_ghost_sewer_d
D:7:      cheibrodos_grave_circle, layout_basic, old_standard_altar,
          minmay_strange_pillars, minmay_diced_spiral
D:8:      layout_loops_ring, old_standard_altar, enter_bailey_8
D:9:      layout_loops_cross, mainiacjoe_overflow_24_doors,
          lemuel_coloured_pillars_altar, orc_0_dummy, uniq_grum
D:10:     layout_long_grid, fedhas_altar_fruit_tree,
          mainiacjoe_overflow_alcove_2, dpeg_oklobed_lair, minmay_librarian
D:11:     layout_layer_cave, special_room [special_room_bee]
D:12:     layout_basic, serial_shops, nicolae_shop_waterfront, uniq_nessos
D:13:     layout_basic, elyvilon_altar_5
D:14:     layout_loops_ring, david_vaults_3,
          nicolae_hepliaklqana_ecumenical_no_more, uniq_jorgrun, uniq_lodul
Temple:   jpeg_temple_clearing
Lair:1:   layout_misc_corridors
Lair:2:   layout_loops_ring, nicolae_shoals_entry_roost, serial_bayou_shore_a
Lair:3:   layout_cave_pods, spider_nest_entry_webs, gammafunk_ghost_grave,
          st_stairs_13, grunt_megastairs_2, uniq_amaemon
Lair:4:   layout_loops_ring, minmay_slime_entry_oklob_enclosed,
          nicolae_volcano_entry_hallway
Lair:5:   wormcave, layout_loops_ring, gauntlet_entry_generic, st_stairs_11,
          minivault_25, grunt_megastairs_3
Orc:1:    layout_caves, kennysheep_orc_chapel
Orc:2:    st_orc_mages, layout_diamond_mine, serial_shops,
          nicolae_shop_waterfront, basic_altar, uniq_donald
Abyss:2:  base: D:5, spicy_abyss_unhelpful_harpoons

Skill      XL: |  1  2  3  4  5  6  7  8  9 10 11 12 13 14 15 |
---------------+----------------------------------------------+-----
Ranged Weapons | 5 6 8 9 11 13 16 17 | 17.8
Fighting       | 6 13 15 | 15.3
Dodging        | 3 8 |  8.9
Stealth        | 6 9 |  9.7
Evocations     | 7 12 | 12.8

Action                     |  1- 3 |  4- 6 |  7- 9 | 10-12 | 13-15 || total
---------------------------+-------+-------+-------+-------+-------++-------
   Fire: Shortbow          |   101 |    95 |    38 |       |       ||   234
         Longbow           |       |       |   130 |   479 |   844 ||  1453
 Invoke: Curse Item        |       |       |       |     2 |     4 ||     6
  Evoke: Wand              |       |       |       |     2 |     1 ||     3
    Use: Scroll            |     2 |     4 |     6 |    16 |     4 ||    32
         Potion            |       |       |       |       |     6 ||     6
 Armour: Leather armour    |    11 |    13 |    21 |    50 |       ||    95
         Steam dragon scal |       |       |       |     9 |       ||     9
         Animal skin       |       |       |       |     3 |    21 ||    24
  Dodge: Dodged            |    24 |    28 |    57 |    95 |    73 ||   277

Table legend: (Time is in decaauts)
 A = Elapsed time spent in this place.
 B = Non-inter-level travel time spent in this place.
 C = Inter-level travel time spent in this place.
 D = Time resting spent in this place.
 E = Time spent auto-exploring this place.
 F = Levels seen in this place.
 G = Mean time per level.
                   A        B        C        D        E       F      G
               +--------+--------+--------+--------+--------+-----+--------+
         Total |  22371 |  20578 |   1793 |   4642 |  11985 |  23 |  972.7 |
       Dungeon |  14471 |  13268 |   1203 |   2917 |   7982 |  14 | 1033.6 |
        Temple |    136 |    119 |     17 |      0 |    101 |   1 |  136.0 |
          Lair |   4977 |   4573 |    404 |    814 |   2758 |   5 |  995.4 |
  Orcish Mines |   2621 |   2453 |    168 |    887 |   1080 |   2 | 1310.5 |
         Abyss |    164 |    164 |      0 |     23 |     64 |   1 |  164.0 |
               +--------+--------+--------+--------+--------+-----+--------+

Top non-repeatable levels by time:
   Orc:2: 2148 daAuts
     D:7: 1496 daAuts
  Lair:3: 1454 daAuts
    D:11: 1406 daAuts
     D:4: 1226 daAuts
  Lair:4: 1224 daAuts
     D:9: 1154 daAuts
    D:14: 1130 daAuts
     D:2: 1117 daAuts
  Lair:5: 1090 daAuts
    D:10: 1045 daAuts
     D:3: 1012 daAuts
     D:8: 932 daAuts
     D:5: 854 daAuts
     D:6: 812 daAuts
